 Dungeon Crawl Stone Soup version 0.31.0-12-g77e489cdc1 (webtiles) character file.

Game seed: 12143212381832673987

235 Doomgape the Trooper (level 6, 0/39 HPs)
             Began as a Gargoyle Berserker on Feb 11, 2024.
             Was a Believer of Trog.
             Incinerated by a bombardier beetle (2 damage)
             ... with a burning spray
             ... on level 4 of the Dungeon.
             The game lasted 00:07:59 (2519 turns).

Doomgape the Trooper (Gargoyle Berserker)           Turns: 2519, Time: 00:08:00

Health: 0/39       AC: 13    Str: 23    XL:     6   Next: 5%
Magic:  6/6        EV:  9    Int:  7    God:    Trog [**....]
Gold:   171        SH:  0    Dex:  9    Spells: 5/5 levels left

rFire   . . .        a - +1 mace
rCold   . . .        (no shield)
rNeg    + . .        n - +0 chain mail
rPois   ∞            (no helmet)
rElec   +            (no cloak)
rCorr   .            (no gloves)
SInv    .            (no boots)
Will    .....        (no amulet) Stlth
                     (no ring)
HPRegen 0.26/turn    (no ring)
MPRegen 0.10/turn

%: no passive effects
@: on fire, glowing
A: sickness immunity, AC +4, negative energy resistance 1, electricity
resistance, torment resistance 1, petrification resistance
a: Renounce Religion, Berserk, Trog's Hand


You were on level 4 of the Dungeon.
You worshipped Trog.
Trog was pleased with you.
You visited 1 branch of the dungeon, and saw 4 of its levels.

You collected 171 gold pieces.

Inventory:

Hand Weapons
 a - a +1 mace (weapon)
Missiles
 c - 3 javelins (quivered)
 k - a throwing net
Armour
 n - a +0 chain mail (worn)
Wands
 o - a wand of paralysis (3)
Scrolls
 b - a scroll of blinking {unknown}
Potions
 d - 2 potions of might
 e - a potion of haste {unknown}
 f - 5 potions of lignification {unknown}
 g - 2 potions of mutation {unknown}
 h - 2 potions of enlightenment {unknown}
 i - a potion of heal wounds {unknown}
 j - a potion of invisibility {unknown}
 l - 2 potions of curing {unknown}
 m - a potion of berserk rage {unknown}


   Skills:
 + Level 4.5 Fighting
 + Level 4.1 Maces & Flails
 + Level 3.8 Armour
 + Level 2.8 Dodging


You had 5 spell levels left.
You didn't know any spells.
Your spell library was empty.

Dungeon Overview and Level Annotations

Branches:
Dungeon (4/15)
 Temple: D:4-7

Altars:
Trog

Shops:
D:1 ?


Innate Abilities, Weirdness & Mutations

You are immune to sickness and miasma.
Your stone body is resilient. (AC +4)
You are immune to poison.
You resist negative energy. (rN+)
You are resistant to electric shocks. (rElec)
You are resistant to unholy torment.
You are immune to petrification.


Message History

An iguana comes into view.
The hound bites you but does no damage.
You miss the hound.
The iguana hisses angrily.
The hound bites you. The hound barely misses you.
You completely miss the hound. The hound bites you but does no damage.
You hit the hound but do no damage. The hound barely misses you.
The hound bites you but does no damage.
The bombardier beetle sprays incendiary fluid at you.
The burning spray hits you.
You are covered in liquid fire!
You sock the hound!
The hound is heavily wounded.
The liquid fire burns you! The hound bites you. The hound barely misses you.
You closely miss the hound.
The hound is heavily wounded.
The liquid fire burns you! The hound closely misses you. The hound bites you.
The bombardier beetle sprays incendiary fluid at you.
The burning spray hits you.
You are even more covered in liquid fire!
You shake off some of the fire as you move.
The liquid fire burns you! The hound attacks as it pursues you!
The hound bites you but does no damage.
You shake off some of the fire as you move.
The liquid fire burns you! The hound barely misses you.
You shake off some of the fire as you move.
The liquid fire burns you!
* * * LOW HITPOINT WARNING * * *
You miss the hound.
The hound is heavily wounded.
The liquid fire burns you!
* * * LOW HITPOINT WARNING * * *
The hound bites you but does no damage. x2
You hit the hound.
The hound is almost dead.
The liquid fire burns you!
You die...

#.... ........ ...#...... ......
#... ..... ..... #... ...#
#...### #..##..## #.....
#.B.....# #....# #..# .#.#
#...<### ########..##.#.#
#....... #......#.lh@.#.#
#....##. #.####.#..####.#
####.##. ..####.#.......####.#
##....
.........##.##).....########.....
..####.####.#####..............#.
#.####.# #.##.#####.......
#......# #.##.# #...#... ########
#.##.# #...#### #.##.# #...####


You could see an iguana and a hound.

Vanquished Creatures
  A sky beast (D:4)
  A jelly (D:4)
  4 adders
  2 ribbon worms (D:2)
  2 orcs
  9 ball pythons
  6 bats
  3 endoplasms
  4 giant cockroaches
  12 goblins
  3 hobgoblins
  2 quokkas (D:1)
  2 frilled lizards (D:2)
  7 kobolds
  6 rats
64 creatures vanquished.

Notes
Turn   | Place    | Note
-------+----------+-------------------------------------------
     0 | D:1      | Doomgape the Gargoyle Berserker began the quest for the
                  | Orb.
     0 | D:1      | Reached XP level 1. HP: 14/14 MP: 1/1
   270 | D:1      | Found a faded altar of an unknown god.
   337 | D:1      | Reached XP level 2. HP: 19/19 MP: 2/2
   590 | D:1      | Found Pacevv Hyuwk's Magic Scroll Boutique.
   763 | D:2      | Reached XP level 3. HP: 23/23 MP: 3/3
   992 | D:2      | Reached ** piety under Trog
  1182 | D:2      | Found a bloodstained altar of Trog.
  1584 | D:3      | Reached XP level 4. HP: 29/29 MP: 4/4
  2360 | D:4      | Reached XP level 5. HP: 33/33 MP: 5/5
  2363 | D:4      | Paralysed by a kobold for 3 turns
  2417 | D:4      | Noticed a sky beast
  2425 | D:4      | Killed a sky beast
  2426 | D:4      | Reached XP level 6. HP: 31/39 MP: 6/6
  2519 | D:4      | Incinerated by a bombardier beetle

Illustrated notes

Levels and vault maps discovered:
D:1:      enne_arrival_octagon_isle, layout_basic, serial_shops, shop,
          shapermc_ecumenical_altar_mp_ritualfount
D:2:      layout_basic, basic_altar
D:3:      layout_loops_corners, minmay_goblin_outpost
D:4:      layout_loops_cross, minmay_temple_entry_statues_fountains,
          serial_shops, nicolae_shop_just_a_little_nook,
          minmay_misc_feat_ornament, minmay_ruined_shrine

Skill      XL: |  1  2  3  4  5 |
---------------+----------------+-----
Dodging        | 2 |  2.8
Armour         | 3 |  3.8
Fighting       | 4 |  4.5
Maces & Flails | 4 |  4.1

Action                     |  1- 3 |  4- 6 || total
---------------------------+-------+-------++-------
  Melee: Mace              |   129 |    75 ||   204
         Punch             |     2 |       ||     2
 Invoke: Berserk           |     1 |       ||     1
    Use: Scroll            |     3 |     1 ||     4
 Armour: Animal skin       |    97 |    16 ||   113
         Chain mail        |       |    56 ||    56
  Dodge: Dodged            |   110 |    54 ||   164
